[Event "Titled Tuesday Blitz March 01 Early 2022"]
[White "Rustemov, Alexander"]
[Black "Hamley, Ryan"]
[WhiteFideId "4119002"]
[BlackFideId "30959497"]
[WhiteElo "2800"]
[BlackElo "2550"]
[Result "1-0"]
[Round "03"]
[TimeControl "180+1"]
[Date "2022.03.01"]
[WhiteClock "0:01:25"]
[BlackClock "0:00:36"]

1. d4 Nf6 2. c4 e6 3. Nf3 d5 4. Nc3 Bb4 5. Bg5 h6 6. Bxf6 Qxf6 7. e3 O-O 8. Qb3 Bxc3+ 9. bxc3 dxc4 10. Bxc4 a6 11. O-O Nc6 12. Be2 b6 13. Nd2 Bb7 14. Rab1 Rad8 15. Rfd1 Rfe8 16. Bf3 e5 17. Nc4 exd4 18. cxd4 Ba8 19. Qc3 Rd7 20. Rbc1 Qg6 21. Nd2 Ne7 22. Bxa8 Rxa8 23. Nf3 Nd5 24. Qc4 Qe6 25. Ne5 Re7 26. Qb3 Rc8 27. Rc6 1-0


[Site "https://www.chess.com"]

[Event "Titled Tuesday Blitz March 01 Early 2022"]
[White "Samadov, Read"]
[Black "Estrada Nieto, Julian"]
[WhiteFideId "13417444"]
[BlackFideId "5101018"]
[WhiteElo "2084"]
[BlackElo "2246"]
[Result "1-0"]
[Round "03"]
[TimeControl "180+1"]
[Date "2022.03.01"]
[WhiteClock "0:01:01"]
[BlackClock "0:00:45"]

1. d4 d5 2. c4 dxc4 3. Nf3 Nf6 4. e3 e6 5. Bxc4 c5 6. O-O a6 7. a4 Nc6 8. Nc3 Be7 9. Qe2 cxd4 10. Rd1 e5 11. exd4 exd4 12. Nxd4 Nxd4 13. Qe5 Qd6 14. Qxd6 Bxd6 15. Rxd4 Bc5 16. Rd1 Be6 17. Bxe6 fxe6 18. h3 O-O 19. Be3 Bxe3 20. fxe3 Rfd8 21. a5 Kf7 22. Kf2 Rac8 23. Ke2 Nd5 24. Nxd5 Rxd5 25. Rxd5 exd5 26. Kd3 Ke6 27. Ra4 Rc5 28. Rb4 Rxa5 29. Rxb7 Rb5 30. Rxb5 axb5 31. Kd4 Kd6 32. b3 Kc6 33. g3 b4 34. e4 dxe4 35. Kxe4 Kc5 36. Ke5 g5 37. g4 h6 38. Ke4 Kc6 39. Kd4 Kb5 40. Kd5 Kb6 41. Kc4 Ka5 42. Kc5 Ka6 43. Kxb4 Kb6 44. Kc4 Kc6 45. Kd4 Kb5 46. Ke5 Kb4 47. Kf5 Kxb3 48. Kg6 1-0


[Site "https://www.chess.com"]

[Event "Titled Tuesday Blitz March 01 Early 2022"]
[White "Samaganova, Aleksandra"]
[Black "Omelja, Artem"]
[WhiteFideId "13800221"]
[BlackFideId "14119846"]
[WhiteElo "1859"]
[BlackElo "2418"]
[Result "0-1"]
[Round "03"]
[TimeControl "180+1"]
[Date "2022.03.01"]
[WhiteClock "0:00:09"]
[BlackClock "0:00:07"]

1. c4 c6 2. Nf3 d5 3. e3 Nf6 4. Nc3 Bf5 5. cxd5 cxd5 6. Qb3 Bc8 7. Bb5+ Nc6 8. O-O a6 9. Bxc6+ bxc6 10. Ne5 Qc7 11. d4 e6 12. Qa4 Bb7 13. Bd2 Bd6 14. Nd3 Bxh2+ 15. Kh1 Bd6 16. Rac1 O-O 17. Ne2 Qe7 18. g3 Ne4 19. Bb4 Bxb4 20. Nxb4 c5 21. dxc5 Nxc5 22. Qa5 Rfc8 23. Kg1 Ne4 24. Nd3 h6 25. Nd4 e5 26. Nb3 Rc4 27. Nbc5 Nxc5 28. Nxc5 Rc8 29. Nb3 Rxc1 30. Nxc1 d4 31. exd4 exd4 32. Re1 Qf6 33. Qa3 Qc6 34. f3 Qg6 35. Ne2 d3 36. Nd4 Qxg3+ 37. Kf1 Bxf3 38. Nxf3 Qxf3+ 39. Kg1 d2 40. Qxf3 dxe1=Q+ 41. Kg2 Rc2+ 42. Kh3 Qe6+ 43. Kg3 Qg6+ 44. Qg4 Rg2+ 0-1


[Site "https://www.chess.com"]

[Event "Titled Tuesday Blitz March 01 Early 2022"]
[White "Samant Aditya S"]
[Black "Shuvalov, Evgenij"]
[WhiteFideId "35080580"]
[BlackFideId "4187237"]
[WhiteElo "1916"]
[BlackElo "2119"]
[Result "1-0"]
[Round "03"]
[TimeControl "180+1"]
[Date "2022.03.01"]
[WhiteClock "0:00:18"]
[BlackClock "0:00:01"]

1. d4 Nf6 2. c4 g6 3. Nc3 d5 4. cxd5 Nxd5 5. e4 Nxc3 6. bxc3 Bg7 7. Nf3 c5 8. Rb1 Nc6 9. d5 Ne5 10. Nxe5 Bxe5 11. Bb5+ Bd7 12. O-O O-O 13. c4 Bc8 14. Be3 Qc7 15. f4 Bg7 16. Ba4 Rd8 17. Kh1 e6 18. Qf3 a6 19. e5 exd5 20. cxd5 b5 21. Bc2 Bb7 22. Be4 Re8 23. d6 Bxe4 24. Qxe4 Qc8 25. Qd5 Qd7 26. Bxc5 Kh8 27. Rbc1 Rac8 28. Bd4 b4 29. h3 Red8 30. Kh2 h5 31. Bb6 Rg8 32. Rc4 Rxc4 33. Qxc4 Rc8 34. Qxb4 Rc2 35. Rf2 Rc1 36. Be3 Rd1 37. Qb3 Ra1 38. Qc3 Rd1 39. Rd2 Rxd2 40. Qxd2 g5 41. Qd5 gxf4 42. Bxf4 Qf5 43. Qd4 Qd7 44. Qe4 Kg8 45. h4 Qg4 46. g3 1-0


[Site "https://www.chess.com"]

[Event "Titled Tuesday Blitz March 01 Early 2022"]
[White "Samunenkov, Ihor"]
[Black "Warmerdam, Max"]
[WhiteFideId "14187086"]
[BlackFideId "1048104"]
[WhiteElo "2406"]
[BlackElo "2537"]
[Result "0-1"]
[Round "03"]
[TimeControl "180+1"]
[Date "2022.03.01"]
[WhiteClock "0:00:06"]
[BlackClock "0:00:19"]

1. d4 d5 2. c4 e6 3. Nc3 a6 4. Nf3 dxc4 5. a4 Nc6 6. e3 Na5 7. Nd2 Nf6 8. Nxc4 c5 9. dxc5 Qxd1+ 10. Kxd1 Nb3 11. Ra3 Nxc1 12. Kxc1 Bxc5 13. Rb3 Ke7 14. Be2 Rb8 15. Bf3 Rd8 16. Na5 Bd6 17. Nxb7 Bxb7 18. Rxb7+ Rxb7 19. Bxb7 a5 20. Bf3 Be5 21. g3 Rb8 22. Kc2 Rb4 23. b3 Nd7 24. Na2 Rb8 25. Be2 Rc8+ 26. Kb1 Nc5 27. Rc1 Kd8 28. Bc4 Ne4 29. Rd1+ Ke7 30. f3 Nc5 31. Nc1 Nxa4 32. Ne2 Nb6 33. Bd3 Rb8 34. f4 Bf6 35. e4 e5 36. Nc3 exf4 37. e5 Bxe5 38. Re1 Nd7 39. Bc4 Kf8 40. Nd5 fxg3 41. hxg3 Bxg3 42. Re7 Ne5 43. Kc2 a4 44. Ra7 axb3+ 45. Bxb3 h5 46. Ne3 g6 47. Bd5 h4 48. Nc4 f5 49. Nd6 Rd8 0-1


[Site "https://www.chess.com"]

[Event "Titled Tuesday Blitz March 01 Early 2022"]
[White "San, Thit Lwin"]
[Black "Petrova, Irina"]
[WhiteFideId "13001272"]
[BlackFideId "14124122"]
[WhiteElo "2232"]
[BlackElo "1988"]
[Result "1-0"]
[Round "03"]
[TimeControl "180+1"]
[Date "2022.03.01"]
[WhiteClock "0:01:48"]
[BlackClock "0:01:56"]

1. Nf3 d5 2. c4 c6 3. d4 Nf6 4. Nc3 e6 5. e3 Nbd7 6. Qc2 Bd6 7. b3 O-O 8. Bb2 b6 9. Be2 Bb7 10. O-O Rc8 11. e4 dxe4 12. Nxe4 Nxe4 13. Qxe4 Nf6 14. Qh4 c5 15. Rad1 Qe7 16. Ne5 Rfd8 17. Bd3 cxd4 18. Bxd4 Bb8 19. Bxh7+ Kf8 20. Bb1 Ng8 21. Qh8 Rxd4 22. Bh7 Qg5 23. Qxg8+ Ke7 24. Qxf7+ Kd6 25. Rxd4+ Kxe5 26. f4+ 1-0


[Site "https://www.chess.com"]

[Event "Titled Tuesday Blitz March 01 Early 2022"]
[White "Sarana, Alexey"]
[Black "Heinemann, Josefine"]
[WhiteFideId "24133795"]
[BlackFideId "12900460"]
[WhiteElo "2665"]
[BlackElo "2300"]
[Result "1-0"]
[Round "03"]
[TimeControl "180+1"]
[Date "2022.03.01"]
[WhiteClock "0:00:17"]
[BlackClock "0:00:03"]

1. d4 Nf6 2. c4 e6 3. Nc3 Bb4 4. e3 O-O 5. Bd3 d5 6. a3 Be7 7. Nf3 dxc4 8. Bxc4 c5 9. O-O cxd4 10. exd4 Nc6 11. Bg5 h6 12. Bh4 b6 13. Qd3 Bb7 14. Rad1 Nd5 15. Bg3 Nxc3 16. bxc3 Bf6 17. Ba2 Ne7 18. Ne5 g6 19. Bf4 Kg7 20. Qh3 g5 21. Bc1 Bd5 22. Ng4 Nf5 23. Bb1 Rh8 24. f4 Be7 25. Bxf5 exf5 26. Ne3 g4 27. Nxf5+ Kf8 28. Qxg4 Rg8 29. Qxg8+ Kxg8 30. Nxh6+ Kh7 31. f5 Bd6 32. Rd3 Qc7 33. Rh3 Kg7 34. f6+ Kf8 35. Nf5 Ke8 36. Re1+ Kd7 37. Bf4 Bxf4 38. Re7+ Kc6 39. Rxc7+ Kxc7 40. Ne7 Bb7 41. Rh7 Bd2 42. Rxf7 Kd6 43. g4 Ke6 44. Rh7 Rf8 45. Nf5 Be4 46. Re7+ Kxf6 47. Rxe4 Kg5 48. c4 Bc1 49. h4+ Kf6 50. d5 1-0


[Site "https://www.chess.com"]

[Event "Titled Tuesday Blitz March 01 Early 2022"]
[White "Sarkar, Justin"]
[Black "Zainullina, Nataliya"]
[WhiteFideId "2010011"]
[BlackFideId "4145488"]
[WhiteElo "2038"]
[BlackElo "2030"]
[Result "1-0"]
[Round "03"]
[TimeControl "180+1"]
[Date "2022.03.01"]
[WhiteClock "0:00:39"]
[BlackClock "0:02:00"]

1. e4 g6 2. d4 Bg7 3. Nc3 d6 4. Be3 Nd7 5. f4 c6 6. Nf3 Qc7 7. e5 e6 8. Ne4 dxe5 9. dxe5 Ne7 10. Nd6+ Kf8 11. Ng5 Nxe5 12. fxe5 Bxe5 13. Ngxf7 Rg8 14. Nxe5 Qa5+ 15. Qd2 Qxe5 16. O-O-O Nd5 17. Bh6+ Ke7 18. Nxc8+ Raxc8 19. Qg5+ Qxg5+ 20. Bxg5+ Kd7 21. c4 h6 22. Be3 Rce8 23. Be2 Kc8 24. cxd5 exd5 25. Bg4+ Kb8 26. Bxh6 Ka8 27. Rhe1 b6 28. Rxe8+ Rxe8 29. Bd7 Re7 30. Bxc6+ Kb8 31. Bf4+ Kc8 32. Rxd5 Re4 33. Rd8+ Kxd8 34. Bxe4 Ke7 35. Bxg6 Kf6 36. Be4 Ke6 37. h4 Kd7 38. Bd5 Ke7 39. Be5 Kf8 40. h5 Ke7 41. h6 Kd7 42. h7 Kc8 43. h8=R+ Kd7 44. Rh7+ Ke8 45. Be6 Kf8 46. Bd6+ Ke8 47. Rh8# 1-0


[Site "https://www.chess.com"]

[Event "Titled Tuesday Blitz March 01 Early 2022"]
[White "Savchenko, Boris"]
[Black "Shuvalova, Polina"]
[WhiteFideId "4147332"]
[BlackFideId "24171760"]
[WhiteElo "2512"]
[BlackElo "2355"]
[Result "1/2-1/2"]
[Round "03"]
[TimeControl "180+1"]
[Date "2022.03.01"]
[WhiteClock "0:00:06"]
[BlackClock "0:00:05"]

1. e4 c5 2. Nf3 d6 3. d4 cxd4 4. Nxd4 Nf6 5. Nc3 Nc6 6. Bg5 g6 7. Bxf6 exf6 8. Bb5 Bd7 9. Bxc6 bxc6 10. Qd2 Bg7 11. f4 O-O 12. f5 Rb8 13. O-O-O Qb6 14. b3 Rfe8 15. g4 Qc5 16. Kb1 d5 17. Nde2 Re5 18. h4 Rbe8 19. h5 g5 20. h6 Bf8 21. exd5 cxd5 22. Nxd5 Rxe2 23. Nxf6+ Kh8 24. Qc1 Bc6 25. Nxe8 Bxh1 26. Qb2+ Qe5 27. Qxe5+ Rxe5 28. Nf6 Be7 29. Nd7 Rd5 30. Rxh1 Rxd7 31. c4 Kg8 32. Kc2 f6 33. Re1 Kf7 34. Re6 a5 35. Ra6 Bb4 36. a3 Bxa3 37. Rxa5 Bb4 38. Rb5 Bf8 39. c5 Rc7 40. b4 Bxh6 41. Rb8 Bf8 42. Kc3 Bxc5 43. bxc5 Rxc5+ 44. Kd3 Re5 45. Rb7+ Re7 46. Rb4 Kg7 47. Rb6 Kf7 48. Rc6 Kg7 49. Rb6 h6 50. Ra6 Kf7 51. Rb6 Re1 52. Rb7+ Re7 53. Rb6 Kg7 54. Ra6 Rf7 55. Ke4 h5 56. gxh5 Kh6 57. Ra8 Kxh5 58. Kf3 Kh6 59. Rg8 Kh7 60. Rg6 Rf8 61. Kg4 Rf7 62. Kh5 Rf8 63. Rh6+ Kg7 64. Rg6+ Kf7 65. Rh6 Rg8 66. Kg4 Rg7 67. Rh8 Rg8 68. Rh7+ Rg7 69. Rh8 Rg8 70. Rh7+ Rg7 71. Rh8 1/2-1/2


[Site "https://www.chess.com"]

[Event "Titled Tuesday Blitz March 01 Early 2022"]
[White "Selkirk, Rebecca"]
[Black "Kostiukov, Alexandr"]
[WhiteFideId "14306514"]
[BlackFideId "14108100"]
[WhiteElo "1649"]
[BlackElo "2202"]
[Result "1-0"]
[Round "03"]
[TimeControl "180+1"]
[Date "2022.03.01"]
[WhiteClock "0:01:12"]
[BlackClock "0:00:03"]

1. e4 c5 2. Nf3 g6 3. d4 cxd4 4. Nxd4 Bg7 5. Nc3 Nc6 6. Be3 Nf6 7. Nxc6 bxc6 8. e5 Ng8 9. Bd4 f6 10. f4 fxe5 11. fxe5 Qa5 12. e6 Nf6 13. exd7+ Bxd7 14. Bc4 e6 15. Qe2 O-O 16. O-O-O Kh8 17. h4 Nd5 18. Bxg7+ Kxg7 19. Nxd5 cxd5 20. Bb3 Rab8 21. h5 Rxb3 22. axb3 Qa1+ 23. Kd2 Qa5+ 24. c3 Qb6 25. Qe5+ Kg8 26. hxg6 Rf2+ 27. Kc1 Qxb3 28. gxh7+ Kf7 29. Qh5+ Ke7 30. Qh4+ Kd6 31. Qxf2 a5 32. h8=Q a4 33. Qhf8+ Kc7 34. Q2c5+ 1-0


[Site "https://www.chess.com"]

[Event "Titled Tuesday Blitz March 01 Early 2022"]
[White "Shafigullina, Zarina"]
[Black "Bogumil, Tatiana"]
[WhiteFideId "24174220"]
[BlackFideId "4110579"]
[WhiteElo "2062"]
[BlackElo "1862"]
[Result "1-0"]
[Round "03"]
[TimeControl "180+1"]
[Date "2022.03.01"]
[WhiteClock "0:01:19"]
[BlackClock "0:00:01"]

1. d4 Nf6 2. Nf3 c5 3. g3 b6 4. Bg2 Bb7 5. O-O g6 6. c4 Bg7 7. Nc3 O-O 8. d5 d6 9. e4 b5 10. cxb5 a6 11. bxa6 Bxa6 12. Re1 Ng4 13. Bf4 Nd7 14. h3 Nge5 15. Nxe5 Nxe5 16. Bxe5 Bxe5 17. f4 Bd4+ 18. Kh2 Qa5 19. Qd2 Rfb8 20. Rac1 f6 21. h4 Kg7 22. h5 Qb4 23. e5 Ra7 24. exd6 exd6 25. Rc2 f5 26. Re6 Rd7 27. Qe1 Rbb7 28. g4 Rf7 29. gxf5 gxf5 30. Qg3+ 1-0


[Site "https://www.chess.com"]

[Event "Titled Tuesday Blitz March 01 Early 2022"]
[White "Shevtchenko, Olesya"]
[Black "Kuzmin, Roman"]
[WhiteFideId "24131890"]
[BlackFideId "44134932"]
[WhiteElo "2003"]
[BlackElo "1978"]
[Result "0-1"]
[Round "03"]
[TimeControl "180+1"]
[Date "2022.03.01"]
[WhiteClock "0:02:44"]
[BlackClock "0:01:01"]

1. e4 c5 2. Nf3 d6 3. d4 cxd4 4. Nxd4 Nf6 5. Nc3 a6 6. Be3 e5 7. Nb3 Be6 8. h3 h5 9. Qf3 Nbd7 10. O-O-O b5 11. Kb1 Rc8 12. Be2 Nb6 13. Nd5 Bxd5 14. exd5 Nc4 15. Bc1 a5 16. g4 a4 17. Nd2 g6 18. g5 Nd7 19. Nxc4 bxc4 20. Qa3 Bg7 21. Qxa4 O-O 22. Bxc4 Nb6 0-1


[Site "https://www.chess.com"]

[Event "Titled Tuesday Blitz March 01 Early 2022"]
[White "Shvedova, Alexandra"]
[Black "Freitag, Manfred"]
[WhiteFideId "54154782"]
[BlackFideId "1602004"]
[WhiteElo "1920"]
[BlackElo "2275"]
[Result "1-0"]
[Round "03"]
[TimeControl "180+1"]
[Date "2022.03.01"]
[WhiteClock "0:00:59"]
[BlackClock "0:00:52"]

1. e4 c6 2. d4 d5 3. e5 Bf5 4. h4 h5 5. Bd3 Bxd3 6. Qxd3 Qa5+ 7. Nd2 e6 8. Nf3 Qa6 9. c4 Nh6 10. b3 Nf5 11. a4 Qa5 12. O-O Be7 13. g3 Na6 14. Ba3 Bxa3 15. Rxa3 O-O 16. Ng5 dxc4 17. bxc4 Rad8 18. Ndf3 g6 19. Ne4 Kg7 20. Nf6 Nxd4 21. Ng5 Qxe5 22. Nxh5+ Kh6 23. Nf4 Nc5 24. Nxf7+ 1-0


[Site "https://www.chess.com"]

[Event "Titled Tuesday Blitz March 01 Early 2022"]
[White "Silva, Mariana Sofia T."]
[Black "Batsiashvili, Nino"]
[WhiteFideId "1911899"]
[BlackFideId "13602993"]
[WhiteElo "1825"]
[BlackElo "2230"]
[Result "1-0"]
[Round "03"]
[TimeControl "180+1"]
[Date "2022.03.01"]
[WhiteClock "0:00:13"]
[BlackClock "0:00:01"]

1. Nf3 d5 2. g3 c5 3. b3 Nc6 4. Bb2 Nf6 5. Bg2 d4 6. O-O e5 7. d3 Bd6 8. Nbd2 O-O 9. Nc4 Bc7 10. a4 Be6 11. Qd2 Bd5 12. e4 Bxc4 13. bxc4 Ba5 14. Qe2 a6 15. Ba3 Bb4 16. Rfb1 Qc7 17. Nd2 b5 18. cxb5 axb5 19. axb5 Bxa3 20. bxc6 Bb4 21. Nc4 Rfe8 22. Rxa8 Rxa8 23. Bh3 Re8 24. Ra1 Qxc6 25. Ra7 Kf8 26. Qf3 Bc3 27. Qf5 g6 28. Qg5 Kg7 29. f4 exf4 30. gxf4 Qb5 31. Ne5 Rf8 32. Be6 Qb1+ 33. Kg2 Qxc2+ 34. Kh3 Qf2 35. Qg3 Qxg3+ 36. hxg3 Nh5 37. Bxf7 Kf6 38. Bc4 g5 39. Rxh7 1-0


[Site "https://www.chess.com"]

[Event "Titled Tuesday Blitz March 01 Early 2022"]
[White "Silva, Miguel Antonio Neto"]
[Black "De Souza Sa, Apolo"]
[WhiteFideId "1911929"]
[BlackFideId "324225390"]
[WhiteElo "2204"]
[BlackElo "1828"]
[Result "1-0"]
[Round "03"]
[TimeControl "180+1"]
[Date "2022.03.01"]
[WhiteClock "0:01:19"]
[BlackClock "0:00:53"]

1. e4 c5 2. Nc3 Nc6 3. g3 g6 4. Bg2 Bg7 5. d3 Nf6 6. h3 O-O 7. Be3 Nd4 8. Qd2 Qb6 9. Nd1 e5 10. c3 Ne6 11. Ne2 Rd8 12. c4 Nd4 13. Ndc3 d6 14. g4 Be6 15. f4 Nxe2 16. Nxe2 exf4 17. Nxf4 Nd7 18. Rb1 Ne5 19. b3 Nc6 20. O-O Nd4 21. b4 Qc7 22. a3 b6 23. e5 Rac8 24. Bxd4 dxe5 25. Nxe6 fxe6 26. Be3 Qd6 27. Be4 1-0


[Site "https://www.chess.com"]

[Event "Titled Tuesday Blitz March 01 Early 2022"]
[White "Sinitsina, Anastassia"]
[Black "Kozlov, Gennady"]
[WhiteFideId "4504640"]
[BlackFideId "4191668"]
[WhiteElo "2144"]
[BlackElo "2392"]
[Result "0-1"]
[Round "03"]
[TimeControl "180+1"]
[Date "2022.03.01"]
[WhiteClock "0:00:07"]
[BlackClock "0:00:17"]

1. Nf3 d5 2. g3 Bf5 3. Bg2 Nf6 4. O-O h6 5. d3 e6 6. Nfd2 c6 7. e4 dxe4 8. dxe4 Bh7 9. Qe2 Be7 10. Nc3 O-O 11. f4 Nbd7 12. Kh1 b5 13. g4 Nb6 14. h4 Nfd7 15. g5 b4 16. Nd1 Nc5 17. Nf2 hxg5 18. hxg5 f6 19. gxf6 Bxf6 20. Ng4 Qe8 21. Rf3 Nca4 22. e5 Be7 23. Ne4 Nd5 24. Rh3 Nxf4 25. Bxf4 Rxf4 26. Rf1 Rxf1+ 27. Qxf1 Qg6 28. Rg3 Qh5+ 29. Nh2 Nxb2 30. Qf6 Qf7 31. Qxf7+ Kxf7 32. Nd6+ Bxd6 33. exd6 Bxc2 34. Bxc6 Rd8 35. d7 Ba4 36. Bxa4 Nxa4 37. Ng4 Nc5 38. Ne5+ Kf6 39. Nc6 Rxd7 40. Nxb4 Rd1+ 41. Kh2 Rd2+ 42. Kh3 Rb2 43. Rg4 g5 44. Rc4 Nd7 45. a4 Ne5 46. Re4 g4+ 47. Kg3 Rb3+ 48. Kg2 Kf5 49. Rd4 Rb2+ 50. Kg3 Rb3+ 51. Kg2 Ng6 52. Nc6 Nf4+ 53. Kf2 Rb2+ 54. Kg3 Ne2+ 0-1


[Site "https://www.chess.com"]

[Event "Titled Tuesday Blitz March 01 Early 2022"]
[White "Sliwicki, Damian"]
[Black "Kadam, Om Manish"]
[WhiteFideId "1127128"]
[BlackFideId "45076294"]
[WhiteElo "2084"]
[BlackElo "1729"]
[Result "0-1"]
[Round "03"]
[TimeControl "180+1"]
[Date "2022.03.01"]
[WhiteClock "0:00:03"]
[BlackClock "0:00:59"]

1. e4 c5 2. Nf3 d6 3. d4 cxd4 4. Nxd4 Nf6 5. f3 a6 6. c4 e5 7. Nb3 Be6 8. Nc3 Nbd7 9. Be3 Rc8 10. Nd5 Bxd5 11. cxd5 Be7 12. Be2 Nh5 13. O-O Bg5 14. Qd2 Bxe3+ 15. Qxe3 O-O 16. g3 g6 17. Rac1 Rxc1 18. Rxc1 Ng7 19. Kg2 f5 20. Qa7 fxe4 21. fxe4 Qg5 22. Qxb7 Qe3 23. Qxd7 Qxe2+ 24. Kh3 Qh5+ 25. Kg2 Qe2+ 26. Kh3 Nh5 27. Qg4 Qe3 28. Rc3 Nf4+ 29. Kh4 Qf2 30. h3 Ng2+ 31. Kg5 Qf6+ 32. Kh6 g5+ 0-1


[Site "https://www.chess.com"]

[Event "Titled Tuesday Blitz March 01 Early 2022"]
[White "Svane, Rasmus"]
[Black "Prado Lobo, Jonas"]
[WhiteFideId "4657101"]
[BlackFideId "32050666"]
[WhiteElo "2645"]
[BlackElo "2199"]
[Result "1-0"]
[Round "03"]
[TimeControl "180+1"]
[Date "2022.03.01"]
[WhiteClock "0:00:23"]
[BlackClock "0:00:02"]

1. Nf3 g6 2. g3 Bg7 3. Bg2 e5 4. O-O Nc6 5. c4 d6 6. Nc3 Nge7 7. Rb1 a5 8. a3 f5 9. d3 O-O 10. Nd2 f4 11. b4 axb4 12. axb4 g5 13. b5 Nd4 14. e3 Ndf5 15. Nde4 h6 16. Kh1 Be6 17. exf4 gxf4 18. gxf4 Ng6 19. fxe5 Bxe5 20. Rg1 Qh4 21. f4 Bxc3 22. Bf3 Kh7 23. Nxc3 Nxf4 24. Rg4 Nh3 25. Ne4 Nf2+ 26. Nxf2 Qxf2 27. Rb2 Qc5 28. Rbg2 Ra1 29. Be4 Qe3 30. Rg1 Qf2 31. Rg7+ Kh8 32. R7g6 Bf7 33. R6g2 Qd4 34. Bxf5 Bg8 35. Be4 d5 36. cxd5 Bxd5 37. Bb2 Qxb2 38. Rxb2 Rxd1 39. Rxd1 Rd8 40. Bxd5 Rxd5 41. Kg2 Rxb5 42. Rxb5 1-0


[Site "https://www.chess.com"]

[Event "Titled Tuesday Blitz March 01 Early 2022"]
[White "Sychev, Klementy"]
[Black "Devaev, Alexander"]
[WhiteFideId "4114060"]
[BlackFideId "4169395"]
[WhiteElo "2564"]
[BlackElo "2185"]
[Result "0-1"]
[Round "03"]
[TimeControl "180+1"]
[Date "2022.03.01"]
[WhiteClock "0:00:02"]
[BlackClock "0:00:06"]

1. e4 c6 2. g3 d5 3. Bg2 dxe4 4. Bxe4 Nf6 5. Bg2 Bg4 6. Nf3 Nbd7 7. O-O Ne5 8. Re1 Nxf3+ 9. Bxf3 Bxf3 10. Qxf3 e6 11. d3 Qd5 12. Nd2 Bb4 13. c3 Be7 14. d4 O-O 15. Kg2 Rfd8 16. Re5 Qd7 17. Nc4 b5 18. Nd2 Rac8 19. Nb3 Nd5 20. Bd2 Bd6 21. Ree1 Bf8 22. h4 Nb6 23. Rad1 Nc4 24. Bc1 a5 25. Na1 Qd5 26. Nc2 a4 27. h5 h6 28. a3 Be7 29. Ne3 Nxe3+ 30. Bxe3 Qxf3+ 31. Kxf3 Rd5 32. g4 Rcd8 33. Ke4 c5 34. f4 f6 35. Kf3 e5 36. fxe5 fxe5 37. Ke4 Bf6 38. Rd3 exd4 39. cxd4 Bxd4 40. Bxd4 Rxd4+ 41. Rxd4 Rxd4+ 42. Kf5 b4 43. Re5 Rc4 44. Kg6 Rxg4+ 45. Kf5 Rc4 46. Ke6 bxa3 47. bxa3 Kh7 48. Kd5 Rc3 49. Kc6 Rxa3 50. Kxc5 Rg3 51. Kb4 Rg4+ 52. Ka3 Rg5 53. Re4 Rxh5 0-1


[Site "https://www.chess.com"]

[Event "Titled Tuesday Blitz March 01 Early 2022"]
[White "Talibov, Shiroghlan"]
[Black "Yilmaz, Mustafa"]
[WhiteFideId "13429078"]
[BlackFideId "6302718"]
[WhiteElo "2070"]
[BlackElo "2568"]
[Result "0-1"]
[Round "03"]
[TimeControl "180+1"]
[Date "2022.03.01"]
[WhiteClock "0:00:02"]
[BlackClock "0:00:06"]

1. c4 c5 2. Nc3 g6 3. Nf3 Bg7 4. e3 Nf6 5. d4 cxd4 6. exd4 d5 7. Bg5 Ne4 8. Qa4+ Bd7 9. Qb3 Nxg5 10. Nxg5 Nc6 11. Nf3 Na5 12. Qb4 dxc4 13. Bxc4 Nxc4 14. Qxc4 O-O 15. O-O b5 16. Nxb5 Qb6 17. Nc3 Qxb2 18. Nd5 Bb5 19. Qc5 Bxf1 20. Nxe7+ Kh8 21. Rxf1 Qxa2 22. d5 Rad8 23. h4 Bf6 24. Rd1 Qa4 25. Re1 Qb3 26. d6 Qb6 27. Qc4 Qxd6 28. Nc6 Rc8 29. Rc1 Kg7 30. g4 Rfe8 31. g5 Bb2 32. Rc2 Re6 33. Qa4 Rxc6 34. Rxb2 Rc1+ 35. Kg2 Qc6 36. Qa3 Qe4 37. Rb3 Qg4+ 0-1


[Site "https://www.chess.com"]

[Event "Titled Tuesday Blitz March 01 Early 2022"]
[White "Tarhan, Adar"]
[Black "Pein, Jonathan"]
[WhiteFideId "34544712"]
[BlackFideId "417092"]
[WhiteElo "1802"]
[BlackElo "2140"]
[Result "1-0"]
[Round "03"]
[TimeControl "180+1"]
[Date "2022.03.01"]
[WhiteClock "0:00:53"]
[BlackClock "0:01:03"]

1. b3 d5 2. Bb2 c5 3. f4 Nc6 4. Nf3 e6 5. e3 Nf6 6. Bb5 Bd7 7. O-O Be7 8. d3 O-O 9. Bxc6 Bxc6 10. Nbd2 b5 11. Ne5 Be8 12. g4 Nd7 13. Nxd7 Bxd7 14. Nf3 f6 15. Kh1 Bc6 16. Qe2 Rc8 17. Rg1 Kh8 18. g5 fxg5 19. Nxg5 Bxg5 20. Rxg5 d4+ 21. Kg1 Rc7 22. exd4 Rxf4 23. Qe5 Rcf7 24. dxc5 Qf8 25. Qe2 Rf2 26. Qxf2 Rxf2 27. Bxg7+ Qxg7 28. Rxg7 Rxc2 29. Rg3 Rxc5 30. Rf1 h5 31. Rf8+ Kh7 32. Rf7+ Kh6 33. h4 Rc1+ 34. Rf1 Rc2 35. Rf6+ Kh7 36. Rxe6 a5 37. Re7+ Kh8 38. Rg5 Bf3 39. Rf5 1-0


[Site "https://www.chess.com"]

[Event "Titled Tuesday Blitz March 01 Early 2022"]
[White "Tari, Aryan"]
[Black "Szpar, Milosz"]
[WhiteFideId "1510045"]
[BlackFideId "1184989"]
[WhiteElo "2567"]
[BlackElo "2447"]
[Result "1-0"]
[Round "03"]
[TimeControl "180+1"]
[Date "2022.03.01"]
[WhiteClock "0:00:31"]
[BlackClock "0:00:33"]

1. c4 e6 2. g3 d5 3. Bg2 Nf6 4. d4 Be7 5. Nf3 O-O 6. O-O c6 7. b3 Nbd7 8. Bb2 b6 9. Nc3 Ba6 10. Nd2 Rc8 11. e4 dxc4 12. Nxc4 Re8 13. Re1 Bb4 14. a3 Bxc3 15. Bxc3 Bxc4 16. bxc4 e5 17. f4 exd4 18. Bxd4 Nf8 19. e5 N6d7 20. f5 Qg5 21. Qf3 Nc5 22. h4 Qd8 23. Rad1 Qc7 24. g4 Rcd8 25. Qf4 f6 26. Kh2 Nb3 27. Bc3 Rxd1 28. Rxd1 fxe5 29. Qg3 Nc5 30. g5 Kh8 31. h5 Qf7 32. Qg4 h6 33. Bxc6 Rc8 34. Bd5 Qc7 35. gxh6 Re8 36. Rg1 Re7 37. f6 1-0


[Site "https://www.chess.com"]

[Event "Titled Tuesday Blitz March 01 Early 2022"]
[White "Tasev, Dejan"]
[Black "Li, Ben"]
[WhiteFideId "936618"]
[BlackFideId "2089980"]
[WhiteElo "2253"]
[BlackElo "2267"]
[Result "0-1"]
[Round "03"]
[TimeControl "180+1"]
[Date "2022.03.01"]
[WhiteClock "0:00:46"]
[BlackClock "0:01:06"]

1. e4 e5 2. Nf3 Nf6 3. Nxe5 d6 4. Nf3 Nxe4 5. Nc3 Nxc3 6. dxc3 Be7 7. Be3 O-O 8. Qd2 Nd7 9. O-O-O Nf6 10. Bd3 c5 11. h4 Be6 12. c4 b5 13. Ng5 Bxc4 14. Bxc4 bxc4 15. c3 Qa5 16. Kb1 Rab8 17. Qc2 Rb6 18. Bc1 Rfb8 19. Rhe1 Ra6 20. a4 Bf8 21. Ne4 Ng4 22. Ng5 g6 23. h5 Ne5 24. hxg6 hxg6 25. Rxe5 dxe5 26. Qe4 Qxa4 27. Rh1 Qa1+ 28. Kc2 Rxb2+ 29. Kd1 Rd6+ 0-1


[Site "https://www.chess.com"]

[Event "Titled Tuesday Blitz March 01 Early 2022"]
[White "Tashkov, Rumen"]
[Black "Horobetz, Graham"]
[WhiteFideId "2904004"]
[BlackFideId "2047322"]
[WhiteElo "2181"]
[BlackElo "2614"]
[Result "0-1"]
[Round "03"]
[TimeControl "180+1"]
[Date "2022.03.01"]
[WhiteClock "0:00:01"]
[BlackClock "0:00:10"]

1. d4 Nf6 2. c4 e6 3. g3 Bb4+ 4. Bd2 Qe7 5. Nf3 Nc6 6. Nc3 Bxc3 7. Bxc3 Ne4 8. Rc1 Nxc3 9. Rxc3 d6 10. Bg2 O-O 11. d5 Nb8 12. dxe6 fxe6 13. O-O e5 14. h4 Nc6 15. c5 Bg4 16. cxd6 cxd6 17. Ng5 Nd4 18. Re3 h6 19. Ne4 Rac8 20. Nc3 Qd8 21. Bxb7 Rb8 22. Bd5+ Kh8 23. b3 Rc8 24. Re1 Qa5 25. Bc4 Qc5 26. Nd5 Nf5 27. Qd2 Nxe3 28. Qxe3 Be6 29. Qxc5 Rxc5 30. Rd1 Bxd5 31. Bxd5 Rc2 32. Bc4 Rf6 33. a4 a5 34. Kg2 g6 35. g4 Rf4 36. Kg3 Rc3+ 37. f3 Rd4 38. Rxd4 exd4 39. Kf4 Re3 40. Bd3 Kg7 41. g5 hxg5+ 42. hxg5 Re5 43. Kg4 d5 44. f4 Re7 45. f5 gxf5+ 46. Kxf5 Rb7 47. Bc2 Rc7 48. Bd3 Rc3 49. Ke5 Rxb3 50. Kxd4 Rb4+ 51. Kxd5 Rxa4 52. g6 Ra1 53. Kc4 Kf6 54. Kb3 Rg1 55. Ka4 Ra1+ 56. Kb3 Rg1 57. Ka4 Rg5 58. Bb5 Rxg6 59. Kxa5 Ke5 60. Kb4 Kd4 61. Bd3 Rb6+ 62. Ka5 Kc5 63. Ka4 Rb7 64. Ka3 Kd4 65. Ka4 Kc3 66. Ka5 Rb4 67. Ka6 Kd4 68. Ka5 Kc5 69. Ka6 Kc6 70. Ka5 Rd4 0-1


[Site "https://www.chess.com"]